 Dungeon Crawl Stone Soup version 0.30.1-3-gfc49f6343a (webtiles) character file.

Game seed: 2041475740503562032

853 Pepete the Magician (level 8, -2/50 HPs)
             Began as a Djinni Fire Elementalist on July 20, 2023.
             Slain by a gnoll
             ... wielding a +0 flail
             ... led by a gnoll bouda
              (6 damage)
             ... on level 5 of the Dungeon.
             The game lasted 00:05:15 (5623 turns).

Pepete the Magician (Djinni Fire Elementalist)      Turns: 5623, Time: 00:05:16

Health: -2/50      AC:  5    Str:  7    XL:     8   Next: 21%
Gold:   207        EV: 12    Int: 19    God:
                   SH:  0    Dex: 14

rFire   + + .        (no weapon)
rCold   x . .        (no shield)
rNeg    . . .        a - +0 robe
rPois   ∞            (no helmet)
rElec   .            (no cloak)
rCorr   .            c - +2 pair of gloves
SInv    .            (boots unavailable)
Will    .....        (no amulet)
Stlth   ++           (no ring)
HPRegen 0.28/turn    (no ring)
MPRegen 0.00/turn

%: infuse magic (-3 HP)
@: flying
A: sickness immunity, fire resistance 2, cold vulnerability 1, float, innate
caster, HP casting, extra vitality 1
a: no special abilities


You were on level 5 of the Dungeon.
You visited 1 branch of the dungeon, and saw 4 of its levels.

You collected 207 gold pieces.

Inventory:

Armour
 a - a +0 robe (worn)
 c - a +2 pair of gloves (worn)
Wands
 l - a wand of charming (3)
Scrolls
 g - a scroll of acquirement {unknown}
 h - a scroll of noise {unknown}
 j - a scroll of blinking
 k - a scroll of butterflies {unknown}
Potions
 b - 4 potions of curing {unknown}
 d - 3 potions of lignification {unknown}
 e - a potion of invisibility {unknown}
 f - a potion of haste {unknown}
 i - a potion of flight {unknown}


   Skills:
 - Level 2.1 Dodging
 - Level 1.5 Stealth
 * Level 7.1 Spellcasting


You knew the following spells:

 Your Spells              Type           Power      Damage    Failure   Level
a - Foxfire               Conj/Fire      100%       2x1d9     1%          1
b - Scorch                Fire           68%        2d7       1%          2
c - Volatile Blastmotes   Fire/Tloc      68%        2d15      1%          3
d - Inner Flame           Hex/Fire       34%        N/A       1%          3
e - Flame Wave            Conj/Fire      34%        2d10      5%          4
f - Magic Dart            Conj           100%       1d8       1%          1
g - Call Imp              Summ           68%        N/A       1%          2
h - Ozocubu's Armour      Ice            34%        N/A       1%          3
Your spell library was empty.

Dungeon Overview and Level Annotations

Branches:
Dungeon (3/15)

Altars:
Cheibriados

Shops:
D:2 =?(

Annotations:
D:2 2 transporters


Innate Abilities, Weirdness & Mutations

You are immune to sickness and miasma.
You are immune to poison.
Your flesh is very heat resistant. (rF++)
You are vulnerable to cold. (rC-)
You float through the air rather than walking.
You learn spells naturally, not from books.
Your magical power is your life essence.
You have superior vitality. (+4 MHP)


Message History

Confirm with . or Enter, or press ? or * to list all spells.
A cloud of volatile blastmotes flares up around you!
The water moccasin bites you!
The cloud of blastmotes explodes!
The concussive blast engulfs the water moccasin!!
The water moccasin is almost dead.
The concussive blast engulfs you. You resist.
You are knocked back by the blast.
The gnoll bouda barks out a call to the hunt!
The gnolls pick up the pace!
You hear an angry hiss.
Casting: Volatile Blastmotes (safe; 1% risk of failure)
Confirm with . or Enter, or press ? or * to list all spells.
A cloud of volatile blastmotes flares up around you!
The water moccasin completely misses you.
The cloud of blastmotes explodes!
The concussive blast engulfs the water moccasin!
You kill the water moccasin!
The concussive blast engulfs you. You resist.
You are knocked back by the blast.
Your Spellcasting skill increases to level 7!
Casting: Volatile Blastmotes (safe; 1% risk of failure)
Confirm with . or Enter, or press ? or * to list all spells.
A cloud of volatile blastmotes flares up around you!
The gnoll closely misses you.
The gnoll is no longer moving quickly.
The cloud of blastmotes explodes!
The concussive blast engulfs the gnoll!!
You kill the gnoll!
The concussive blast engulfs you. You resist.
The concussive blast engulfs the gnoll!
The gnoll is heavily wounded.
You are knocked back by the blast.
Casting: Volatile Blastmotes (safe; 1% risk of failure)
Confirm with . or Enter, or press ? or * to list all spells.
A cloud of volatile blastmotes flares up around you!
* * * LOW HITPOINT WARNING * * *
The gnoll hits you with a +0 flail!
* * * LOW HITPOINT WARNING * * *
The gnoll attacks as you move away! The gnoll hits you with a +0 flail.
You die...

### ##########.#### ########
#.)....@gg)g..########## .......#
#.#####.#####........[..
##########.#⌠~~###~~⌠#..######.##
#####......#~~~~~~~~~#..######.##
....#.....s#~~~###~~~#...........
....#..#...##~##.##~##gg######.##
....#..##....~#._.~~#...######.#
....#..###.##w##.##~##.......#.#
##.##..###.#~~~###~~~#.†######.##


You could see 3 gnolls.

Vanquished Creatures
  Menkaure (D:5)
  A water moccasin (D:5)
  An ice beast (D:5)
  3 scorpions (D:5)
  3 killer bees (D:5)
  2 orc priests (D:5)
  A sleepcap (D:5)
  Ijyb (D:5)
  2 adders
  4 gnolls (D:5)
  3 worms
  2 dart slugs (D:1)
  5 orcs (D:5)
  4 ball pythons
  6 bats
  4 endoplasms
  2 goblins
  4 hobgoblins
  2 jackals (D:1)
  2 quokkas (D:2)
  A kobold (D:1)
  7 rats
61 creatures vanquished.

Vanquished Creatures (others)
  240 foxfires
240 creatures vanquished.

Grand Total: 301 creatures vanquished

Notes
Turn   | Place    | Note
-------+----------+-------------------------------------------
     0 | D:1      | Pepete the Djinni Fire Elementalist began the quest for the
                  | Orb.
     0 | D:1      | Pepete set off with the following spells memorised:
                  | Foxfire, Scorch, Volatile Blastmotes, Inner Flame, Flame
                  | Wave.
     0 | D:1      | Reached XP level 1. HP: 15/15 MP: 0/0
   131 | D:1      | Found a faded altar of an unknown god.
   135 | D:1      | Reached XP level 2. HP: 17/21 MP: 0/0
   288 | D:1      | Reached skill level 3 in Spellcasting
   811 | D:2      | Reached XP level 3. HP: 24/25 MP: 0/0
   811 | D:2      | Learned a level 1 spell: Magic Dart
   915 | D:2      | Found Nuxaa's Weapon Shop.
   971 | D:2      | Found a transporter.
   971 | D:2      | Found Yllepriv's Magic Scroll Emporium.
  1012 | D:2      | Found Soniydwi's Jewellery Shoppe.
  1572 | D:2      | Reached XP level 4. HP: 29/31 MP: 0/0
  1789 | D:2      | Found a transporter.
  2096 | D:3      | You are sucked into a shaft and drop 2 floors!
  2096 | D:5      | Entered Level 5 of the Dungeon
  2120 | D:5      | Reached skill level 4 in Spellcasting
  2120 | D:5      | Reached XP level 5. HP: 17/35 MP: 0/0
  2120 | D:5      | Learned a level 2 spell: Call Imp
  2568 | D:5      | Noticed a water moccasin
  2654 | D:5      | Reached XP level 6. HP: 31/40 MP: 0/0
  3021 | D:5      | Reached skill level 5 in Spellcasting
  3875 | D:5      | Noticed Menkaure
  3903 | D:5      | Killed Menkaure
  3904 | D:5      | Reached XP level 7. HP: 35/45 MP: 0/0
  3904 | D:5      | Learned a level 3 spell: Ozocubu's Armour
  4122 | D:5      | Reached skill level 6 in Spellcasting
  4738 | D:5      | Found a snail-covered altar of Cheibriados.
  5118 | D:5      | Noticed Ijyb
  5139 | D:5      | Killed Ijyb
  5140 | D:5      | Reached XP level 8. HP: 22/50 MP: 0/0
  5610 | D:5      | Reached skill level 7 in Spellcasting
  5623 | D:5      | Slain by a gnoll

Illustrated notes

Levels and vault maps discovered:
D:1:      dpeg_arrival_pits, layout_loops_ring, chequers_ecumenical_altar_island
D:2:      layout_basic, serial_shops, nicolae_shop_bloodbath_and_beyond,
          nicolae_shop_drivethru, nicolae_shop_tiny_glass
D:3:      layout_loops_ring, serial_shops, nicolae_shop_overgrown_old_shop,
          serial_bayou_ford_a, minmay_surrounded
D:5:      layout_basic, gammafunk_temple_overflow_statue,
          cheibrodos_worm_habitat, chequers_temple_overflow_minitemple,
          minmay_gold_behind_fungi, nicolae_figureground_pulse, uniq_ijyb,
          uniq_menkaure

Skill      XL: |  1  2  3  4  5  6  7  8 |
---------------+-------------------------+-----
Spellcasting   | 3 4 5 6 7 |  7.1
Dodging        | |  2.1
Stealth        | |  1.5

Action                     |  1- 3 |  4- 6 |  7- 9 || total
---------------------------+-------+-------+-------++-------
   Cast: Foxfire           |   109 |    39 |       ||   148
         Scorch            |     5 |    10 |       ||    15
         Volatile Blastmot |       |    20 |    28 ||    48
    Use: Scroll            |       |       |     1 ||     1
 Armour: Robe              |     2 |     2 |     3 ||     7
  Dodge: Dodged            |     9 |     5 |    11 ||    25
